 Dungeon Crawl Stone Soup version 0.21.1-1-g345015fe64 (webtiles) character file.

14680 KleinerIrrer the Nimble (level 12, -6/91 HPs)
             Began as a Gnoll Arcane Marksman on Mar 15, 2018.
             Was a Follower of Uskayaw.
             Mangled by a black mamba (18 damage)
             ... on level 1 of the Lair of Beasts.
             The game lasted 01:24:42 (18036 turns).

KleinerIrrer the Nimble (Gnoll Arcane Marksman)    Turns: 18036, Time: 01:24:42

Health: -6/91      AC:  6    Str: 13    XL:     12   Next: 19%
Magic:  16/23      EV: 20    Int: 17    God:    Uskayaw [*.....]
Gold:   634        SH:  7    Dex: 23    Spells: 7/26 levels left

rFire    + . .     SeeInvis .   B - +12 flail of Abuse {crush, Dex+4}
rCold    + . .     Gourm    .   O - +0 buckler
rNeg     + . .     Faith    .   o - +1 robe {rN+}
rPois    .         Spirit   .   (no helmet)
rElec    .         Reflect  .   s - scarf {rC+ rF+}
rCorr    .         Harm     .   (no gloves)
MR       .....                  J - +2 pair of boots
Stlth    ++++......             (no amulet)
HPRegen  1.25/turn              (no ring)
MPRegen  0.18/turn              M - ring of flight

@: lethally poisoned (-6 -> -7), regenerating
A: distributed training, fangs 1, strong nose
a: Stomp, Renounce Religion, Evoke Flight


You were on level 1 of the Lair of Beasts.
You worshipped Uskayaw.
Uskayaw was noncommittal.
You were hungry.

You visited 2 branches of the dungeon, and saw 13 of its levels.
You also visited: Sewer.

You collected 634 gold pieces.

Inventory:

Hand Weapons
 a - a +0 shortbow
 r - a +2 scythe of venom
 w - a +0 blowgun
 B - the +12 flail of Abuse (weapon) {crush, Dex+4}
   (You found it on level 9 of the Dungeon)

   It inflicts extra damage upon your enemies.
   It affects your dexterity (+4).
 I - a +6 hand axe of electrocution
 P - a +1 dagger of venom
Missiles
 d - 192 arrows
 i - 57 bolts
 t - 3 javelins (quivered)
 x - 38 poisoned needles
Armour
 o - a +1 robe of positive energy (worn)
 s - a scarf of resistance (worn)
 y - a scarf of cloud immunity
 J - a +2 pair of boots (worn)
 L - a +0 plate armour
 O - a +0 buckler (worn)
 U - a +0 chain mail
Jewellery
 D - an uncursed ring of teleportation
 M - a ring of flight (right hand)
Wands
 E - a wand of iceblast (6)
 N - a wand of random effects (21)
 Q - a wand of flame (26)
Scrolls
 b - 4 scrolls of teleportation
 e - a scroll of fog
 g - 2 scrolls of fear
 h - a scroll of enchant weapon
 k - 2 scrolls of amnesia
 n - 12 scrolls of remove curse
 u - a scroll of noise
 v - 2 scrolls of blinking
 C - a scroll of vulnerability
 F - 5 scrolls of magic mapping
 H - 2 scrolls of identify
 K - 2 scrolls of enchant armour
Potions
 m - 4 potions of flight
 p - a potion of haste
 q - 2 potions of mutation
 z - a potion of berserk rage
 A - 3 potions of lignification
 T - 2 potions of brilliance
Books
 c - a book of Debilitation

   Spells                             Type                      Level
   a - Corona                         Hexes                        1
   b - Slow                           Hexes                        2
   c - Inner Flame                    Hexes/Fire                   3
   d - Portal Projectile              Hexes/Translocation          3
   e - Cause Fear                     Hexes                        4
   f - Leda's Liquefaction            Hexes/Earth                  4
 R - a book of Necromancy

   Spells                             Type                      Level
   a - Pain                           Necromancy                   1
   b - Animate Skeleton               Necromancy                   1
   c - Vampiric Draining              Necromancy                   3
   d - Regeneration                   Charms/Necromancy            3
   e - Animate Dead                   Necromancy                   4
   f - Borgnjor's Vile Clutch         Necromancy/Earth             5
 V - a book of Conjurations

   Spells                             Type                      Level
   a - Magic Dart                     Conjuration                  1
   b - Searing Ray                    Conjuration                  2
   c - Dazzling Spray                 Conjuration/Hexes            3
   d - Fulminant Prism                Conjuration/Hexes            4
   e - Force Lance                    Conjuration/Translocation    4
   f - Iskenderun's Mystic Blast      Conjuration                  4
Miscellaneous
 j - a crystal ball of energy
Comestibles
 f - 23 rations
 S - 3 chunks of flesh


   Skills:
 + Level 7.4 Fighting
 + Level 6.9 Short Blades
 + Level 6.9 Long Blades
 + Level 6.9 Axes
 + Level 6.9 Maces & Flails
 + Level 6.9 Polearms
 + Level 6.9 Staves
 + Level 6.9 Slings
 + Level 8.4 Bows
 + Level 6.9 Crossbows
 + Level 6.9 Throwing
 + Level 6.9 Armour
 + Level 8.4 Dodging
 + Level 6.9 Stealth
 + Level 6.9 Shields
 + Level 6.9 Unarmed Combat
 + Level 7.5 Spellcasting
 + Level 5.7 Conjurations
 + Level 8.0 Hexes
 + Level 5.7 Charms
 + Level 5.7 Summonings
 + Level 5.7 Necromancy
 + Level 5.7 Translocations
 + Level 5.7 Transmutations
 + Level 5.7 Fire Magic
 + Level 5.7 Ice Magic
 + Level 5.7 Air Magic
 + Level 5.7 Earth Magic
 + Level 5.7 Poison Magic
 + Level 7.6 Invocations
 + Level 6.9 Evocations


You had 7 spell levels left.
You knew the following spells:

 Your Spells              Type           Power        Failure   Level  Hunger
a - Corona                Hex            ####...      1%          1    None
b - Slow                  Hex            ####....     1%          2    None
c - Cause Fear            Hex            ####......   4%          4    ####...
d - Regeneration          Chrm/Necr      ####......   3%          3    ##.....
e - Borgnjor's Vile Clut  Necr/Erth      ####......   28%         5    #####..
f - Force Lance           Conj/Tloc      ####....     10%         4    ####...


Dungeon Overview and Level Annotations

Branches:
Dungeon (10/15)            Temple (0/1) D:6            Lair (3/6) D:10
  Snake (0/4) Lair:2
  Swamp: Lair:2-4    Shoals: Lair:2-4       Orc: D:9-12

Altars:
Ashenzari
Fedhas
Makhleb
Nemelex Xobeh
Qazlal
Trog
Uskayaw

Annotations:
D:7 Joseph


Innate Abilities, Weirdness & Mutations

Your experience applies equally to all skills.
You have very sharp teeth.
Your uncanny sense of smell can sniff out nearby items.


Message History

Your skin crawls.
You feel sick. The black mamba barely misses you. The black mamba bites you!
* * * LOW HITPOINT WARNING * * *
Casting: Regeneration
Confirm with . or Enter, or press ? or * to list all spells.
Aiming: Slow
Press: ? - help, Shift-Dir - straight line, f/p - black mamba
Aim: a black mamba (chance to defeat MR: 72%)
The black mamba struggles to resist.
You feel sick. The black mamba completely misses you.
Casting: Slow
Confirm with . or Enter, or press ? or * to list all spells.
Aiming: Slow
Press: ? - help, Shift-Dir - straight line, f/p - black mamba
Aim: a black mamba (chance to defeat MR: 72%)
The black mamba struggles to resist.
You feel sick.
The spiny frog is no longer moving slowly.
The black mamba bites you but does no damage.
The black mamba bites you!!
You die...

.................................
##.....รท.....#######............#
.##..#######..# #..P#####.#...#
###...# #.## ##.## ####... ###..##
##.# #...#### #..#
.##..######..#######.#.#.#####..#
.................................
...........................<.....
...............(@###.............
....##.#...###..S# #..#######...#
....####...# #...# #..# #...#
....# ##...# #...###..# #...#
....# #....###....##..# #...#
....# ##....##..F###..# #...#
....###....###...##...# #...#
.....###...# #...##...# #...#
....## #...# #...###..# #...#


You could see a black mamba and a spiny frog.

Vanquished Creatures
  A two-headed ogre (D:10)
  An unseen horror (D:10)
  A black mamba (Lair:2)
  A gargoyle (D:10)
  A komodo dragon (Lair:2)
  A queen bee (D:9)
  A hornet (D:10)
  A polar bear (Lair:2)
  10 blink frogs
  Prince Ribbit (D:6)
  2 hippogriffs
  Sigmund (D:6)
  A fire elemental (Lair:2)
  14 yaks
  3 basilisks
  2 nagas (Lair:2)
  3 water moccasins
  Purgy (Sewer)
  7 porcupines
  3 black bears
  An orc warrior (D:10)
  2 sky beasts
  A necrophage (D:8)
  7 ogres
  3 phantoms
  3 centaurs
  6 crocodiles
  8 wolves (Lair:1)
  A big kobold (D:10)
  7 bullfrogs
  2 scorpions (D:10)
  24 killer bees
  A howler monkey (D:5)
  3 crimson imps
  A lava snake (Lair:2)
  2 centaur zombies
  2 bullfrog zombies (D:8)
  A hound (D:6)
  A jelly (D:5)
  3 bullfrog skeletons
  An orc priest (D:5)
  3 orc wizards
  A centaur skeleton (D:4)
  2 iguanas
  Ijyb (D:4)
  11 worker ants
  A hound zombie (D:5)
  2 worker ant zombies
  A howler monkey zombie (D:9)
  13 adders
  An adder zombie (D:5)
  An adder skeleton (D:9)
  4 worms
  2 dart slugs
  2 leopard geckos
  12 orcs
  2 ball pythons
  7 bats
  8 giant cockroaches
  5 goblins
  8 hobgoblins
  6 jackals
  6 quokkas
  8 frilled lizards
  A jackal zombie (D:5)
  13 kobolds
  A leopard gecko skeleton (D:4)
  A quokka zombie (D:5)
  10 rats
269 creatures vanquished.

Vanquished Creatures (collateral kills)
  A crocodile (D:10)
1 creature vanquished.

Vanquished Creatures (others)
  A fungus (D:10)
1 creature vanquished.

Grand Total: 271 creatures vanquished

Notes
Turn   | Place    | Note
-------+----------+-------------------------------------------
     0 | D:1      | KleinerIrrer the Gnoll Arcane Marksman began the quest for the Orb.
     0 | D:1      | Reached XP level 1. HP: 17/17 MP: 4/4
   140 | D:1      | Reached XP level 2. HP: 12/23 MP: 5/5
   899 | D:2      | Reached XP level 3. HP: 25/28 MP: 7/7
  1275 | D:2      | Reached skill level 1 in Invocations
  1658 | D:2      | Found a hide-covered altar of Uskayaw.
  1666 | D:2      | Became a worshipper of Uskayaw the Reveler
  1715 | D:2      | Reached * piety under Uskayaw
  1719 | D:2      | Reached ** piety under Uskayaw
  1723 | D:2      | Reached skill level 1 in Short Blades
  1723 | D:2      | Reached skill level 1 in Long Blades
  1723 | D:2      | Reached skill level 1 in Axes
  1723 | D:2      | Reached skill level 1 in Maces & Flails
  1723 | D:2      | Reached skill level 1 in Polearms
  1723 | D:2      | Reached skill level 1 in Staves
  1723 | D:2      | Reached skill level 1 in Slings
  1723 | D:2      | Reached skill level 1 in Crossbows
  1723 | D:2      | Reached skill level 1 in Throwing
  1723 | D:2      | Reached skill level 1 in Armour
  1723 | D:2      | Reached skill level 1 in Stealth
  1723 | D:2      | Reached skill level 1 in Shields
  1723 | D:2      | Reached skill level 1 in Unarmed Combat
  1723 | D:2      | Reached skill level 1 in Evocations
  1850 | D:2      | Learned a level 2 spell: Slow
  1954 | D:2      | Reached XP level 4. HP: 33/34 MP: 8/8
  2486 | D:3      | Reached skill level 1 in Conjurations
  2486 | D:3      | Reached skill level 1 in Charms
  2486 | D:3      | Reached skill level 1 in Summonings
  2486 | D:3      | Reached skill level 1 in Necromancy
  2486 | D:3      | Reached skill level 1 in Translocations
  2486 | D:3      | Reached skill level 1 in Transmutations
  2486 | D:3      | Reached skill level 1 in Fire Magic
  2486 | D:3      | Reached skill level 1 in Ice Magic
  2486 | D:3      | Reached skill level 1 in Air Magic
  2486 | D:3      | Reached skill level 1 in Earth Magic
  2486 | D:3      | Reached skill level 1 in Poison Magic
  2489 | D:3      | Reached *** piety under Uskayaw
  2518 | D:3      | Reached XP level 5. HP: 29/40 MP: 7/9
  2533 | D:3      | Reached **** piety under Uskayaw
  2915 | D:3      | Found a glowing drain.
  2964 | Sewer    | Entered a sewer
  3058 | Sewer    | Noticed Purgy
  3108 | Sewer    | Killed Purgy
  3108 | Sewer    | Reached XP level 6. HP: 20/47 MP: 7/11
  3544 | D:3      | Found a sparkling altar of Nemelex Xobeh.
  3711 | D:3      | Found a stormy altar of Qazlal.
  3975 | D:4      | Reached skill level 5 in Bows
  3975 | D:4      | Reached skill level 5 in Dodging
  4441 | D:4      | Found a blossoming altar of Fedhas.
  4487 | D:4      | Noticed Ijyb
  4506 | D:4      | Killed Ijyb
  4506 | D:4      | Reached XP level 7. HP: 50/52 MP: 8/12
  4965 | D:5      | Entered Level 5 of the Dungeon
  5613 | D:5      | Reached XP level 8. HP: 33/60 MP: 14/14
  6066 | D:5      | Found a burning altar of Makhleb.
  6073 | D:5      | Found a shattered altar of Ashenzari.
  6557 | D:6      | Noticed Sigmund
  6582 | D:6      | Killed Sigmund
  6781 | D:6      | Noticed Prince Ribbit
  6838 | D:6      | Found a bloodstained altar of Trog.
  7228 | D:6      | Killed Prince Ribbit
  7354 | D:6      | Found a staircase to the Ecumenical Temple.
  7435 | D:7      | Reached XP level 9. HP: 51/66 MP: 16/16
  7513 | D:7      | Noticed Joseph
  9080 | D:7      | Learned a level 4 spell: Cause Fear
  9338 | D:8      | Reached skill level 5 in Spellcasting
  9487 | D:8      | Reached skill level 5 in Fighting
 10433 | D:8      | Reached skill level 5 in Invocations
 10731 | D:8      | Reached XP level 10. HP: 74/74 MP: 15/18
 11446 | D:9      | Reached skill level 5 in Short Blades
 11446 | D:9      | Reached skill level 5 in Long Blades
 11446 | D:9      | Reached skill level 5 in Axes
 11446 | D:9      | Reached skill level 5 in Maces & Flails
 11446 | D:9      | Reached skill level 5 in Polearms
 11446 | D:9      | Reached skill level 5 in Staves
 11446 | D:9      | Reached skill level 5 in Slings
 11446 | D:9      | Reached skill level 5 in Crossbows
 11446 | D:9      | Reached skill level 5 in Throwing
 11446 | D:9      | Reached skill level 5 in Armour
 11446 | D:9      | Reached skill level 5 in Stealth
 11446 | D:9      | Reached skill level 5 in Shields
 11446 | D:9      | Reached skill level 5 in Unarmed Combat
 11446 | D:9      | Reached skill level 5 in Evocations
 11476 | D:9      | Got a jewelled flail
 11477 | D:9      | Identified the +12 flail of Abuse {crush, Dex+4} (You found it on level 9 of the Dungeon)
 11575 | D:9      | Reached ***** piety under Uskayaw
 12649 | D:10     | Entered Level 10 of the Dungeon
 12658 | D:10     | Noticed a gargoyle
 12766 | D:10     | Killed a gargoyle
 13041 | D:10     | Killed an unseen horror
 13041 | D:10     | Reached XP level 11. HP: 49/82 MP: 20/20
 13263 | D:10     | Paralysed by a hornet for 2 turns
 13817 | D:10     | Learned a level 3 spell: Regeneration
 13823 | D:10     | Learned a level 5 spell: Borgnjor's Vile Clutch
 13944 | D:10     | Noticed a two-headed ogre
 13981 | D:10     | Killed a two-headed ogre
 13981 | D:10     | Reached skill level 5 in Conjurations
 13981 | D:10     | Reached skill level 5 in Charms
 13981 | D:10     | Reached skill level 5 in Summonings
 13981 | D:10     | Reached skill level 5 in Necromancy
 13981 | D:10     | Reached skill level 5 in Translocations
 13981 | D:10     | Reached skill level 5 in Transmutations
 13981 | D:10     | Reached skill level 5 in Fire Magic
 13981 | D:10     | Reached skill level 5 in Ice Magic
 13981 | D:10     | Reached skill level 5 in Air Magic
 13981 | D:10     | Reached skill level 5 in Earth Magic
 13981 | D:10     | Reached skill level 5 in Poison Magic
 14309 | D:10     | Found a staircase to the Lair.
 14618 | Lair:1   | Entered Level 1 of the Lair of Beasts
 16263 | Lair:2   | Found a staircase to the Snake Pit.
 16698 | Lair:1   | Reached XP level 12. HP: 47/91 MP: 15/23
 17128 | Lair:1   | Learned a level 4 spell: Force Lance
 18031 | Lair:1   | HP: 2/91 [black mamba (20)]
 18036 | Lair:1   | Mangled by a black mamba

Skill      XL: |  1  2  3  4  5  6  7  8  9 10 11 12 |
---------------+-------------------------------------+-----
Invocations    | 1 2 3 4 5 6 7 |  7.6
Short Blades   | 1 2 3 4 5 6 |  6.9
Long Blades    | 1 2 3 4 5 6 |  6.9
Axes           | 1 2 3 4 5 6 |  6.9
Maces & Flails | 1 2 3 4 5 6 |  6.9
Polearms       | 1 2 3 4 5 6 |  6.9
Staves         | 1 2 3 4 5 6 |  6.9
Slings         | 1 2 3 4 5 6 |  6.9
Crossbows      | 1 2 3 4 5 6 |  6.9
Throwing       | 1 2 3 4 5 6 |  6.9
Armour         | 1 2 3 4 5 6 |  6.9
Stealth        | 1 2 3 4 5 6 |  6.9
Shields        | 1 2 3 4 5 6 |  6.9
Unarmed Combat | 1 2 3 4 5 6 |  6.9
Evocations     | 1 2 3 4 5 6 |  6.9
Spellcasting   | 3 4 5 6 7 |  7.5
Conjurations   | 1 2 3 4 5 |  5.7
Charms         | 1 2 3 4 5 |  5.7
Summonings     | 1 2 3 4 5 |  5.7
Necromancy     | 1 2 3 4 5 |  5.7
Translocations | 1 2 3 4 5 |  5.7
Transmutations | 1 2 3 4 5 |  5.7
Fire Magic     | 1 2 3 4 5 |  5.7
Ice Magic      | 1 2 3 4 5 |  5.7
Air Magic      | 1 2 3 4 5 |  5.7
Earth Magic    | 1 2 3 4 5 |  5.7
Poison Magic   | 1 2 3 4 5 |  5.7
Fighting       | 3 4 5 6 7 |  7.4
Bows           | 5 6 7 8 |  8.4
Dodging        | 5 6 7 8 |  8.4
Hexes          | 6 7 8 |  8.0

Action                   |  1- 3 |  4- 6 |  7- 9 | 10-12 || total
-------------------------+-------+-------+-------+-------++-------
Melee: Spear             |   144 |   165 |    49 |       ||   358
       Bite              |    13 |    28 |    37 |    42 ||   120
       Dagger            |       |    35 |       |       ||    35
       Punch             |       |     1 |     8 |       ||     9
       Hand axe          |       |       |   252 |    34 ||   286
       Scythe            |       |       |     1 |       ||     1
       Flail             |       |       |       |   308 ||   308
 Fire: Shortbow          |    21 |       |    17 |       ||    38
       Blowgun           |       |    49 |    26 |    45 ||   120
 Cast: Corona            |     1 |    13 |    21 |    14 ||    49
       Slow              |       |     8 |    43 |    50 ||   101
       Regeneration      |       |       |       |     8 ||     8
       Force Lance       |       |       |       |     3 ||     3
Invok: Stomp             |       |     1 |     1 |     1 ||     3
       Line Pass         |       |       |     1 |     3 ||     4
Evoke: Wand              |       |       |       |     1 ||     1
  Use: Potion            |     3 |     1 |     6 |    11 ||    21
       Scroll            |       |     4 |    18 |     6 ||    28
 Stab: Sleeping          |     7 |     7 |     7 |     9 ||    30
       Paralysed         |       |     2 |     3 |    12 ||    17
       Invisible         |       |     1 |     2 |       ||     3
  Eat: Chunk             |     3 |     8 |    10 |    20 ||    41
       Ration            |       |       |     4 |     1 ||     5
Armor: Robe              |    33 |    23 |    31 |    53 ||   140
       Skin              |     7 |       |       |       ||     7
Dodge: Dodged            |    99 |   148 |   229 |   317 ||   793
Block: Buckler           |       |       |    21 |   125 ||   146
